Map: 아너그라운드 - 래더

Players

uThermal

  • Race: Terran Terran
  • Spawn Location: 1:00

Dark - Winner!

  • Race: Zerg Zerg
  • Spawn Location: 11:00

Event: IEM XI Katowice - World Championship 2017

VOD

Have the link to the VOD?

Description

Time

  • Played on: March 3, 2017, 1:52 p.m.
  • Length: 20:47

All games in this series

Show
View Real Time Build Order
Export as new Build Order

uThermal Terran 

Build Orders: MMM Bio 

Get SALT Encoding   

  12  0:01  SCV  
  13  0:13  SCV  
  14  0:17  Supply Depot  
  14  0:25  SCV  
  15  0:39  SCV  
  15  0:41  Barracks  
  16  0:45  Refinery  
  16  0:51  SCV  
  17  1:00  Barracks  
  17  1:04  SCV  
  18  1:16  SCV  
  19  1:21  Barracks  
  19  1:28  Reaper  
  20  1:33  Refinery  
  20  1:48  Reaper, Orbital Command  
  21  1:58  Supply Depot  
  21  2:01  Reaper  
  22  2:12  Reaper  
  23  2:19  SCV  
  24  2:25  Reaper  
  24  2:26  Supply Depot  
  25  2:32  SCV  
  25  2:34  Reaper  
  27  2:44  Reaper, SCV  
  29  2:56  SCV  
  29  2:57  Reaper  
  31  3:06  Reaper  
  31  3:11  Command Center  
  32  3:14  SCV  
  32  3:17  Reaper  
  34  3:24  Supply Depot  
  34  3:26  SCV  
  35  3:32  Barracks Tech Lab  
  35  3:38  SCV  
  35  3:40  Reaper  
  37  3:50  SCV  
  37  3:54  Barracks  
  38  3:56  Reaper, Barracks  
  38  3:58  Reaper  
  40  4:06  SCV  
  39  4:12  Stimpack  
  39  4:13  Marine  
  40  4:18  SCV  
  41  4:24  Orbital Command  
  41  4:30  Reaper, SCV  
  43  4:34  Reaper  
  44  4:41  Reaper  
  44  4:42  Reaper, SCV  
  47  4:47  Reaper  
  47  4:49  SCV  
  49  4:54  SCV  
  50  5:00  Supply Depot  
  50  5:02  SCV  
  50  5:04  Factory  
  50  5:05  Marine  
  50  5:06  Marine, SCV  
  54  5:13  Marine  
  54  5:14  Marine, SCV  
  55  5:18  SCV  
  55  5:20  Reaper  
  55  5:23  Reaper  
  55  5:26  SCV  
  56  5:30  SCV  
  53  5:35  Reaper  
  53  5:38  SCV  
  55  5:42  SCV  
  55  5:45  Reaper  
  54  5:50  Marine, SCV  
  54  5:54  SCV  
  54  5:55  Marine  
  59  5:59  Starport  
  59  6:02  SCV  
  59  6:03  Marauder  
  61  6:07  Marine, SCV  
  61  6:08  Marine  
  64  6:13  Marine  
  64  6:14  SCV  
  64  6:16  Marine  
  64  6:17  Supply Depot  
  66  6:19  SCV  
  66  6:20  Barracks  
  66  6:21  Barracks  
  66  6:23  Marine  
  70  6:27  Supply Depot  
  70  6:29  Supply Depot  
  70  6:31  Supply Depot  
  68  6:40  Supply Depot  
  68  6:48  Cyclone  
  68  6:50  Marine x2, SCV x2, Medivac  
  69  6:57  Marine x2  
  71  7:02  SCV  
  71  7:08  Marine  
  74  7:10  Combat Shields  
  74  7:13  Refinery  
  74  7:14  Refinery  
  73  7:18  Marine x2, Marauder, Barracks Tech Lab  
  77  7:29  Factory Reactor  
  77  7:31  Marine x2  
  77  7:33  Command Center  
  77  7:35  Marine  
  77  7:36  Marine  
  81  7:37  SCV  
  81  7:41  Marine x2  
  81  7:43  Marine  
  85  7:48  SCV  
  85  7:49  Marine x2  
  82  7:54  Concussive Shells  
  82  7:56  Engineering Bay, SCV  
  82  7:57  Engineering Bay  
  82  7:59  Barracks Reactor  
  82  8:03  SCV  
  82  8:04  Marine  
  84  8:08  SCV  
  84  8:11  Barracks Reactor  
  85  8:15  SCV  
  85  8:17  Factory Tech Lab  
  86  8:21  Medivac x2  
  90  8:30  Barracks Reactor  
  90  8:31  Terran Infantry Weapons Level 1  
  90  8:32  SCV  
  90  8:34  Barracks Reactor  
  91  8:35  Terran Infantry Armor Level 1  
  91  8:36  Marine x2, SCV, Supply Depot  
  91  8:37  Supply Depot  
  94  8:44  Marine, SCV  
  93  8:48  SCV  
  93  8:53  Medivac, Orbital Command  
  89  8:56  SCV, Medivac  
  89  9:00  SCV  
  93  9:04  Bunker  
  93  9:05  Missile Turret  
  93  9:09  Siege Tank, SCV  
  97  9:12  Marine x2, SCV  
  100  9:18  Marine  
  100  9:19  Marine, Marauder  
  100  9:20  SCV  
  100  9:21  Unknown, SCV  
  100  9:23  Medivac  
  108  9:24  SCV  
  108  9:25  Medivac  
  108  9:31  Supply Depot  
  111  9:33  Marine, Marauder, Supply Depot  
  113  9:39  Refinery  
  113  9:41  Refinery  
  113  9:43  Armory  
  113  9:45  Marine x2  
  116  9:46  Marauder  
  116  9:48  Marine  
  116  9:51  Marine  
  119  9:55  Marauder  
  120  10:01  Marine x3, Siege Tank  
  120  10:05  Marine  
  120  10:07  Marine, Marauder, Supply Depot  
  129  10:15  Marine x2, Medivac  
  129  10:16  Marauder  
  129  10:17  Medivac  
  137  10:21  Marine  
  137  10:23  Unknown  
  137  10:25  Marine x2  
  140  10:29  Marauder  
  140  10:31  Supply Depot  
  140  10:32  Supply Depot x3  
  140  10:34  Marine  
  143  10:37  Marine  
  143  10:38  Marine, Marauder  
  143  10:41  Marine x2  
  147  10:46  Marine x2  
  149  10:52  Marauder  
  149  10:56  Marine x3  
  145  10:59  Siege Tank, Marauder  
  145  11:03  Marine  
  144  11:04  Marine  
  144  11:07  Missile Turret  
  144  11:11  Terran Infantry Weapons Level 2, Terran Infantry Armor Level 2  
  143  11:20  Marine, Missile Turret, Marauder x2  
  148  11:27  Terran Vehicle Weapons Level 1  
  148  11:28  Marine  
  148  11:29  Marine  
  148  11:30  Marine  
  151  11:35  Unknown, Medivac  
  151  11:36  Medivac  
  151  11:39  Marine  
  153  11:40  Marine  
  153  11:41  Marine  
  153  11:42  Marauder  
  153  11:45  Marine  
  153  11:46  Marauder  
  161  11:49  Siege Tank  
  161  11:51  Marine  
  161  11:53  Marine x2  
  167  11:56  Marine  
  166  12:01  Marine  
  166  12:04  Marine  
  167  12:09  Marine  
  167  12:10  Missile Turret  
  167  12:14  Marine, Orbital Command  
  167  12:21  Siege Tank  
  165  12:23  Marine, Marauder  
  164  12:30  Marine x2, Marauder  
  164  12:35  Supply Depot  
  164  12:36  Marine, Supply Depot  
  169  12:39  Marine x2  
  171  12:45  Marauder  
  173  12:56  Marine, Siege Tank  
  173  12:58  Marine x2, Missile Turret  
  177  12:59  Marine, Marauder  
  177  13:01  Medivac  
  177  13:03  Medivac  
  186  13:06  Marauder  
  186  13:13  Marine  
  181  13:20  Marauder  
  181  13:24  Marine  
  181  13:25  Marine x2  
  162  13:28  Siege Tank, Marauder  
  162  13:31  Medivac  
  162  13:33  Medivac  
  171  13:36  Marine  
  171  13:37  Marine x2  
  174  13:41  Marauder  
  174  13:42  Marine  
  174  13:44  Marine  
  165  13:49  Marauder  
  162  14:00  Marine  
  162  14:01  Marine x2, Medivac  
  147  14:03  Marauder, Medivac  
  127  14:10  Marauder  
  127  14:11  Marine x2  
  119  14:18  Marine x2, Orbital Command  
  119  14:20  Marine  
  113  14:24  Marauder  
  113  14:27  Marine  
  113  14:28  Marine  
  113  14:31  Medivac  
  115  14:32  Marine, Marauder  
  115  14:37  Marine  
  113  14:43  Siege Tank  
  103  14:46  Marauder  
  103  14:47  Marine x2  
  107  14:53  Marauder  
  107  14:55  Marine  
  107  14:56  Missile Turret  
  110  15:04  Terran Infantry Weapons Level 3  
  112  15:07  Marauder  
  112  15:12  Terran Infantry Armor Level 3  
  112  15:13  Marine  
  113  15:14  Marauder  
  113  15:17  Siege Tank  
  113  15:20  Marine  
  113  15:21  Marine, Missile Turret  
  119  15:23  Marine x2  
  119  15:27  Marine  
  125  15:28  Marauder  
  123  15:36  Marauder  
  123  15:37  Marine x2  
  123  15:40  Marine x2  
  123  15:41  Marine  
  130  15:48  Medivac x2  
  131  15:50  Marauder  
  131  15:55  Siege Tank  
  131  15:56  Marine  
  135  15:57  Marauder  
  135  15:58  Factory  
  135  16:03  Marine x2  
  135  16:10  Marine  
  138  16:11  Marauder  
  138  16:13  Marine  
  138  16:17  Marine  
  140  16:19  Marauder  
  140  16:21  Medivac  
  140  16:24  Medivac  
  146  16:29  Siege Tank  
  146  16:32  Marine x2, Unknown  
  153  16:33  Unknown x2, Marauder  
  153  16:35  Marine x2  
  153  16:37  Marine x3  
  158  16:40  Marine, Marauder  
  158  16:45  Marine  
  158  16:49  Marine  
  158  16:50  Marine  
  158  16:52  Marine  
  158  16:53  Marine  
  159  16:54  Marauder  
  159  16:55  Marine  
  159  16:58  Marine x2  
  159  17:01  Factory Tech Lab, Marauder  
  151  17:07  Medivac  
  151  17:08  Medivac  
  155  17:15  Marauder  
  155  17:19  Siege Tank  
  155  17:21  Missile Turret  
  158  17:23  Siege Tank  
  158  17:27  Marine  
  150  17:41  Marine, Marauder  
  150  17:42  Marine  
  150  17:43  Marine x2, Marauder  
  155  17:48  Marine  
  155  17:50  Marine x2  
  157  17:53  Marine x2  
  157  17:58  Marine  
  157  18:00  Marine  
  157  18:03  Marauder  
  151  18:16  Marine x2  
  151  18:17  Marine x4, Marauder  
  153  18:24  Marauder  
  135  18:28  Marine x3  
  130  18:37  Marine, Medivac  
  130  18:38  Marauder  
  131  18:45  Marauder  
  107  18:51  Marine  
  107  18:52  Marine  
  107  18:53  Marine  
  93  18:58  Marine  
  93  19:01  Marine  
  96  19:07  Marine  
  94  19:11  Unknown  
  94  19:12  Unknown  
  94  19:13  Unknown  
  94  19:15  Marine  
  94  19:16  Marauder  
  97  19:17  Marine  
  97  19:20  Marine  
  97  19:24  Marine  
  97  19:27  Marine  
  97  19:28  Missile Turret  
  92  19:43  Marine x2, Marauder  
  93  19:45  Marine  
  93  19:46  Marauder  
  93  19:49  Marine  
  95  19:56  Marine  
  91  20:04  Marine  
  91  20:05  Marine, Marauder  
  91  20:07  Marauder  
  91  20:13  Unknown  
  93  20:14  Siege Tank  
  93  20:18  Marine  
  93  20:20  Marine  
  89  20:24  Marine  
  89  20:26  Marauder  
  89  20:27  Marine  
Show
View Real Time Build Order
Export as new Build Order

Dark Zerg - Winner!

Build Orders: Hatch First 

Get SALT Encoding   

  12  0:01  Drone  
  13  0:13  Overlord  
  13  0:19  Drone  
  14  0:31  Drone x2  
  14  0:35  Drone  
  17  0:53  Hatchery  
  16  0:57  Drone  
  16  1:00  Drone  
  18  1:07  Extractor  
  17  1:16  Spawning Pool  
  17  1:18  Drone  
  17  1:22  Drone  
  18  1:28  Drone  
  19  1:39  Overlord  
  19  2:03  Zergling x4, Queen  
  19  2:05  Queen  
  19  2:06  Drone  
  26  2:13  Zergling x2  
  27  2:17  Drone  
  28  2:29  Roach Warren, Drone  
  27  2:41  Queen  
  29  2:47  Queen  
  29  2:49  Drone  
  30  2:51  Drone x2  
  32  3:07  Overlord  
  32  3:09  Roach x2  
  36  3:25  Roach  
  36  3:26  Roach x2  
  42  3:31  Drone x2  
  42  3:33  Extractor  
  42  3:38  Ravager x2  
  42  3:39  Overlord  
  44  3:43  Overlord  
  44  3:50  Overlord  
  44  3:57  Drone  
  44  3:58  Drone  
  44  3:59  Roach  
  44  4:01  Roach  
  50  4:09  Roach  
  52  4:16  Ravager x2  
  54  4:19  Overlord  
  54  4:22  Roach  
  56  4:30  Roach x2  
  60  4:39  Roach  
  60  4:40  Roach  
  60  4:43  Overlord  
  60  4:45  Roach  
  66  4:52  Roach  
  68  4:55  Roach  
  68  4:59  Roach  
  72  5:04  Roach  
  74  5:08  Roach  
  74  5:12  Roach  
  73  5:21  Roach x2  
  72  5:29  Roach  
  72  5:30  Roach  
  66  5:36  Roach  
  62  5:46  Roach x2  
  62  5:49  Roach  
  66  5:55  Roach  
  66  5:56  Drone x2  
  66  5:57  Drone x3  
  71  6:02  Drone x2  
  73  6:12  Drone x2  
  73  6:15  Ravager  
  76  6:18  Drone  
  77  6:26  Ravager  
  77  6:28  Overlord  
  78  6:34  Overlord  
  78  6:38  Drone x2  
  80  6:40  Lair  
  70  6:55  Drone x5  
  70  6:58  Drone x2  
  77  7:01  Hatchery  
  77  7:04  Drone x2  
  77  7:05  Drone x2  
  77  7:08  Extractor x2  
  78  7:17  Drone x2  
  78  7:21  Drone x2  
  82  7:24  Evolution Chamber  
  82  7:27  Drone x2  
  82  7:28  Ravager  
  82  7:29  Ravager x2  
  86  7:34  Roach x3  
  92  7:38  Drone x2  
  92  7:42  Drone x2  
  96  7:47  Drone  
  96  7:48  Drone  
  96  7:49  Drone  
  98  7:52  Ravager  
  98  7:53  Overlord  
  99  7:58  Overseer  
  99  7:59  Glial Reconstitution  
  98  8:12  Overlord, Zerg Ground Armor Level 1  
  95  8:25  Roach x3, Extractor  
  95  8:26  Overlord, Roach  
  102  8:28  Drone  
  102  8:29  Drone x2  
  102  8:33  Evolution Chamber, Drone  
  105  8:35  Drone x2  
  105  8:40  Overlord  
  102  8:49  Drone x2  
  102  8:50  Drone x2  
  102  8:52  Drone  
  104  8:56  Drone  
  104  8:57  Drone x2  
  104  8:58  Extractor  
  104  8:59  Extractor, Drone  
  104  9:01  Burrow  
  104  9:02  Drone x3  
  109  9:05  Drone x2  
  111  9:17  Roach x6  
  117  9:18  Tunneling Claws  
  117  9:23  Overlord x2  
  123  9:31  Roach x3  
  127  9:37  Overlord x2  
  129  9:39  Overlord  
  129  9:42  Overlord  
  129  9:44  Roach x4  
  137  9:48  Infestation Pit  
  137  9:51  Queen  
  136  9:59  Zerg Missile Weapons Level 1  
  136  10:01  Hatchery  
  135  10:07  Zerg Ground Armor Level 2  
  135  10:14  Roach x2  
  135  10:15  Roach x3  
  135  10:19  Roach x2  
  135  10:20  Roach  
  151  10:22  Roach  
  151  10:24  Roach  
  151  10:25  Roach  
  157  10:42  Roach x3  
  163  10:43  Infestor  
  165  10:55  Infestor  
  159  11:06  Drone x5  
  156  11:12  Hatchery  
  156  11:17  Infestor  
  155  11:21  Hatchery  
  155  11:23  Queen x2, Drone  
  155  11:24  Spore Crawler  
  158  11:29  Infestor x3  
  158  11:38  Drone x6  
  164  11:49  Roach x2  
  169  11:54  Extractor, Drone  
  169  11:57  Extractor  
  169  12:00  Zerg Missile Weapons Level 2  
  167  12:08  Roach x2  
  171  12:09  Overlord x2  
  171  12:20  Hive  
  171  12:22  Overlord x2  
  159  12:26  Roach x3  
  159  12:27  Roach x2  
  163  12:31  Drone x2  
  163  12:34  Spore Crawler, Drone  
  165  12:38  Ravager x2  
  166  12:52  Drone x3  
  166  12:53  Drone  
  166  12:58  Overlord, Drone  
  170  12:59  Drone x2  
  170  13:00  Spore Crawler  
  170  13:03  Hatchery  
  170  13:04  Spore Crawler  
  170  13:10  Roach x6  
  180  13:15  Roach x3  
  180  13:17  Roach  
  186  13:23  Roach  
  186  13:24  Roach  
  174  13:30  Roach x3  
  174  13:31  Ravager  
  181  13:34  Ravager x2  
  181  13:36  Roach x2  
  181  13:40  Roach x3  
  181  13:41  Roach x2  
  197  13:43  Roach x2  
  197  13:45  Infestor  
  179  14:00  Roach x5  
  172  14:07  Roach  
  164  14:11  Infestor x2, Hatchery  
  165  14:21  Infestor  
  163  14:27  Roach x3  
  163  14:30  Roach x2  
  163  14:34  Roach x2  
  163  14:38  Roach x3  
  173  14:56  Zerg Missile Weapons Level 3  
  169  15:02  Drone x3  
  169  15:03  Drone x2  
  170  15:10  Spore Crawler  
  169  15:19  Roach x7  
  183  15:33  Drone x11  
  183  15:34  Ultralisk Cavern  
  179  15:48  Overlord  
  174  15:50  Metabolic Boost  
  174  15:53  Zerg Melee Weapons Level 1  
  174  15:57  Drone  
  174  15:58  Extractor, Drone x2  
  174  15:59  Extractor  
  172  16:19  Drone x5  
  174  16:27  Ultralisk x2  
  186  16:36  Ultralisk  
  192  16:44  Spore Crawler  
  192  16:46  Ultralisk  
  195  16:51  Roach x3  
  194  17:01  Viper x2  
  198  17:24  Spine Crawler x2, Roach x3  
  196  17:42  Hatchery  
  195  17:47  Zerg Ground Armor Level 3, Hatchery  
  190  17:55  Ultralisk Cavern  
  178  18:02  Zergling x2  
  178  18:03  Zergling x18  
  186  18:07  Hatchery  
  186  18:08  Zergling x12  
  186  18:09  Baneling Nest  
  190  18:13  Zergling x2  
  190  18:17  Roach  
  156  18:27  Zergling x10  
  156  18:33  Roach  
  153  18:40  Roach x2  
  142  18:49  Roach x2  
  142  18:50  Roach x3  
  137  18:57  Ultralisk  
  137  18:58  Ultralisk, Chitinous Plating  
  140  19:18  Ultralisk x3  
  140  19:20  Roach x3, Baneling Nest  
  163  19:26  Roach  
  163  19:33  Roach  
  157  19:40  Ultralisk  
  158  19:47  Zergling x10  
  162  19:53  Drone x4  
  162  19:54  Drone x2  
  164  20:07  Roach x4  
  164  20:08  Roach x4  
  164  20:14  Ravager x2  
  180  20:16  Zergling x6  
  182  20:23  Zergling x2  
  182  20:24  Zergling x2  
  192  20:37  Hatchery  

Tags
 
Add a new tag
Caveats
  • Supply blocks, unpowered buildings, or Contaminate may cause inaccurate times.
  • Supply counts are checked every 10 seconds.